 Dungeon Crawl Stone Soup version 0.26.1-11-gd32895ea62 (webtiles) character file.

Game seed: 12910401533882220481

12604 Almogavar the Cleaver (level 11, -1/97 HPs)
             Began as a Hill Orc Fighter on June 17, 2021.
             Was an Elder of Makhleb.
             Killed by divine providence
             ... invoked by an orc priest
             ... led by Saint Roka
              (6 damage)
             ... on level 2 of the Orcish Mines.
             The game lasted 00:40:12 (15422 turns).

Almogavar the Cleaver (Hill Orc Fighter)           Turns: 15422, Time: 00:40:13

Health: -1/97      AC: 18    Str: 23    XL:     11   Next: 96%
Magic:  0/11       EV:  9    Int:  8    God:    Makhleb [****..]
Gold:   956        SH: 14    Dex: 10    Spells: 10/10 levels left

rFire    . . .     SeeInvis .   r - +2 hand axe (vorpal)
rCold    + . .     Faith    .   e - +2 kite shield
rNeg     . . .     Spirit   +   j - +2 chain mail {rPois}
rPois    +         Reflect  .   (no helmet)
rElec    .         Harm     .   y - +0 cloak
rCorr    .         Rampage  .   f - +0 pair of gloves
Will     .....                  m - +1 pair of boots
Stlth    ..........             a - amulet of guardian spirit
HPRegen  0.26/turn              H - ring of flight
MPRegen  0.12/turn              q - ring of protection from cold

@: mighty
A: no striking features
a: Renounce Religion, Convert to Beogh, Evoke Flight, Minor Destruction, Lesser
Servant of Makhleb, Major Destruction


You were on level 2 of the Orcish Mines.
You worshipped Makhleb.
Makhleb was greatly pleased with you.
You visited 3 branches of the dungeon, and saw 13 of its levels.
You also visited: Sewer.

You collected 1396 gold pieces.
You spent 440 gold pieces at shops.

Inventory:

Hand Weapons
 r - a +2 vorpal hand axe (weapon)
 N - a +4 hand axe
Missiles
 b - 7 curare-tipped darts
 h - 14 poisoned darts (quivered)
 B - 4 javelins
 I - 12 boomerangs
 O - 6 silver boomerangs
Armour
 e - a +2 kite shield (worn)
 f - a +0 pair of gloves (worn)
 j - a +2 chain mail of poison resistance (worn)
 m - a +1 pair of boots (worn)
 w - a +1 chain mail of fire resistance
 y - a +0 cloak (worn)
 G - a +0 plate armour
Jewellery
 a - an amulet of guardian spirit (around neck)
 q - a ring of protection from cold (right hand)
 u - an uncursed ring of wizardry
 H - a ring of flight (left hand)
Wands
 c - a wand of random effects (13)
 A - a wand of flame (17)
 D - a wand of digging (11)
 E - a wand of polymorph (18)
 L - a wand of paralysis (3)
Scrolls
 g - 10 scrolls of remove curse
 l - 2 scrolls of fear
 o - 5 scrolls of teleportation
 p - a scroll of enchant weapon
 t - a scroll of fog {unknown}
 x - a scroll of brand weapon {unknown}
 C - a scroll of enchant armour {unknown}
 F - a scroll of amnesia {unknown}
 K - a scroll of magic mapping {unknown}
Potions
 d - 3 potions of might
 i - a potion of curing
 k - 3 potions of ambrosia
 n - 3 potions of brilliance
 s - a potion of haste
 v - 3 potions of resistance {unknown}
 z - a potion of flight {unknown}
Miscellaneous
 J - a condenser vane
 M - a box of beasts


   Skills:
 + Level 9.3 Fighting
 + Level 13.9 Axes
 + Level 3.0 Throwing
 + Level 9.3 Armour
 + Level 3.9 Dodging
 - Level 1.3 Stealth
 + Level 10.4 Shields


You had 10 spell levels left.
You didn't know any spells.
Your spell library contained the following spells:

 Spells                   Type           Power        Failure   Level
 Animate Skeleton         Necr           0%           99%         1
 Apportation              Tloc           0%           99%         1
 Corona                   Hex            0%           99%         1
 Magic Dart               Conj           0%           99%         1
 Summon Small Mammal      Summ           0%           99%         1
 Blink                    Tloc           N/A          100%        2
 Call Imp                 Summ           0%           100%        2
 Slow                     Hex            0%           100%        2
 Conjure Flame            Conj/Fire      0%           100%        3
 Mephitic Cloud           Conj/Pois/Air  0%           100%        3


Dungeon Overview and Level Annotations

Branches:
Dungeon (10/15)            Temple (1/1) D:6            Lair (0/6) D:10
    Orc (2/2) D:9             Elf (0/3) Orc:2         Sewer (visited)

Altars:
Ashenzari
Cheibriados
Dithmenos
Elyvilon
Fedhas
Gozag
Hepliaklqana
Kikubaaqudgha
Makhleb
Nemelex Xobeh
Okawaru
Qazlal
Ru
Sif Muna
Trog
Uskayaw
Vehumet
Wu Jian
Xom
Yredelemnul
Zin
The Shining One
Beogh

Shops:
D:9 (   D:10 }}}}   Orc:2 [

Annotations:
D:5 2 transporters, Sensen's ghost, novice GrEE
Orc:2 Saint Roka


Message History

The orc priest is poisoned.
The orc priest calls down the wrath of Beogh upon you.
Beogh smites you!
* * * LOW HITPOINT WARNING * * *
You hear a shout! x2
Throw: 16 darts (poison)
Press: ? - help, Q - select action, (/) - cycle Shift-Dir - straight line, f/p - orc priest
Aim: an orc priest (very poisoned, 62% to hit)
You throw a poisoned dart. The poisoned dart hits the orc priest!
The orc priest looks as sick as possible!
Unknown command.
Throw: 15 darts (poison)
Press: ? - help, Q - select action, (/) - cycle Shift-Dir - straight line, f/p - orc priest
Aim: an orc priest (extremely poisoned, 60% to hit)
You throw a poisoned dart. The poisoned dart hits the orc priest.
The orc priest looks as sick as possible!
Unknown command.
The orc priest calls down the wrath of Beogh upon you.
Beogh smites you!
You die...

##..............
#...........##'#
##.o)...o...#...
###(.......#._.
##(.)....#...
#........#### ###
#...((....... ##.##
#....(o..#### #..@#
#....#....##.
##.o####.....##.####
#..(........o......
##..o........######
###.......###
###.#..## # ###..#
#. #.## #o### #.#
..o..


You could see an orc priest (extremely poisoned) and an orc.

Vanquished Creatures
  A two-headed ogre (Orc:2)
  2 orc high priests
  Sonja (Orc:2)
  2 orc sorcerers
  A centaur zombie (D:6)
  Maggie (D:10)
  2 trolls
  3 meliai (D:10)
  Grinder (D:4)
  2 wyverns (D:8)
  A steam dragon (D:9)
  4 wargs (Orc:2)
  A black bear (D:6)
  18 orc warriors
  3 ice beasts
  3 phantoms
  A necrophage (D:6)
  2 sky beasts
  9 ogres
  4 centaurs
  A wyvern zombie (D:9)
  8 big kobolds
  5 bullfrogs
  A scorpion (D:4)
  3 wights (D:10)
  A howler monkey (D:5)
  2 jellies (D:9)
  7 orc priests
  4 hounds
  A bullfrog skeleton (D:4)
  2 centaur skeletons (D:10)
  3 iguanas
  19 orc wizards
  4 worker ants
  A hound skeleton (D:6)
  A howler monkey zombie (D:9)
  A worker ant zombie (D:8)
  2 howler monkey skeletons
  3 river rats (Sewer)
  15 adders
  3 gnolls (D:7)
  2 shadow imps
  4 white imps
  4 oozes
  An adder skeleton (D:6)
  10 worms
  2 dart slugs (D:1)
  2 leopard geckos
  61 orcs
  10 bats
  2 giant cockroaches
  6 goblins
  7 hobgoblins
  10 jackals
  7 quokkas
  4 ball pythons
  6 frilled lizards
  A jackal zombie (D:5)
  15 kobolds
  3 leopard gecko zombies (D:5)
  11 rats
317 creatures vanquished.

Notes
Turn   | Place    | Note
-------+----------+-------------------------------------------
     0 | D:1      | Almogavar the Hill Orc Fighter began the quest for the Orb.
     0 | D:1      | Reached XP level 1. HP: 19/19 MP: 1/1
   146 | D:1      | Reached XP level 2. HP: 27/27 MP: 2/2
   393 | D:1      | Reached XP level 3. HP: 33/33 MP: 3/3
   433 | D:1      | Reached skill level 3 in Axes
  1241 | D:2      | Reached XP level 4. HP: 40/40 MP: 4/4
  1271 | D:2      | Reached skill level 4 in Axes
  1988 | D:3      | Found a glowing drain.
  2022 | D:3      | Reached XP level 5. HP: 42/47 MP: 5/5
  2027 | Sewer    | Entered a sewer
  2101 | Sewer    | Noticed a big kobold
  2120 | Sewer    | Killed a big kobold
  2121 | Sewer    | Reached skill level 5 in Axes
  2178 | Sewer    | Noticed a big kobold
  2189 | Sewer    | Killed a big kobold
  2190 | Sewer    | Reached skill level 6 in Axes
  2190 | Sewer    | Reached XP level 6. HP: 53/53 MP: 6/6
  2582 | Sewer    | Reached XP level 7. HP: 55/60 MP: 7/7
  2637 | Sewer    | Reached skill level 7 in Axes
  2743 | Sewer    | Reached skill level 5 in Fighting
  2859 | Sewer    | Reached skill level 1 in Dodging
  3847 | D:4      | Reached skill level 5 in Armour
  3946 | D:4      | Reached skill level 5 in Shields
  3957 | D:4      | Reached skill level 8 in Axes
  4095 | D:4      | Reached XP level 8. HP: 49/69 MP: 5/8
  4895 | D:4      | Noticed Grinder
  4935 | D:4      | Killed Grinder
  5433 | D:5      | Entered Level 5 of the Dungeon
  5439 | D:5      | Reached skill level 9 in Axes
  5610 | D:5      | Noticed a hornet
  5611 | D:5      | Noticed Sensen's ghost (novice GrEE)
  5638 | D:5      | Found a transporter.
  5643 | D:5      | Found a transporter.
  6104 | D:5      | Found an opulent altar of Gozag.
  6112 | D:5      | Reached skill level 1 in Throwing
  6545 | D:6      | Reached skill level 10 in Axes
  6545 | D:6      | Reached skill level 1 in Stealth
  6545 | D:6      | Reached XP level 9. HP: 61/75 MP: 6/9
  7281 | D:6      | Found a staircase to the Ecumenical Temple.
  7691 | D:6      | Found an opulent altar of Gozag.
  7872 | Temple   | Entered the Ecumenical Temple
  8135 | Temple   | Became a worshipper of Makhleb the Destroyer
  9252 | D:8      | Reached skill level 11 in Axes
  9317 | D:8      | Reached XP level 10. HP: 36/86 MP: 7/10
 10547 | D:9      | Reached * piety under Makhleb
 10616 | D:9      | Found a staircase to the Orcish Mines.
 10882 | D:9      | Found Balaekko's Weapon Shop.
 11407 | D:10     | Entered Level 10 of the Dungeon
 11421 | D:10     | Reached skill level 12 in Axes
 11678 | D:10     | Found Ycuada Ogeg's Gadget Shoppe.
 11687 | D:10     | Bought a condenser vane for 440 gold pieces
 11754 | D:10     | Noticed Maggie
 11776 | D:10     | Killed Maggie
 11856 | D:10     | Found Xofejumo's Gadget Boutique.
 12080 | D:10     | Found Ogauxetor's Gadget Emporium.
 12082 | D:10     | Found a staircase to the Lair.
 12129 | D:10     | Found Geet Iko's Gadget Shop.
 12841 | Orc:1    | Entered Level 1 of the Orcish Mines
 12868 | Orc:1    | Reached XP level 11. HP: 88/94 MP: 11/11
 12874 | Orc:1    | Reached ** piety under Makhleb
 13067 | Orc:1    | Found a roughly hewn altar of Beogh.
 13126 | Orc:1    | Noticed an orc high priest
 13126 | Orc:1    | Noticed an orc sorcerer
 13144 | Orc:1    | Killed an orc sorcerer
 13146 | Orc:1    | Killed an orc high priest
 13147 | Orc:1    | Reached skill level 13 in Axes
 13427 | Orc:2    | Entered Level 2 of the Orcish Mines
 13427 | Orc:2    | Found a staircase to the Elven Halls.
 13660 | Orc:2    | Found Betodghe's Book Shoppe.
 13687 | Orc:2    | Found a roughly hewn altar of Beogh.
 13839 | Orc:2    | Noticed a two-headed ogre
 13859 | Orc:2    | Killed a two-headed ogre
 13955 | Orc:2    | Noticed Sonja
 14000 | Orc:2    | Killed Sonja
 14013 | Orc:2    | Reached skill level 10 in Shields
 14240 | Orc:2    | Reached *** piety under Makhleb
 14339 | Orc:2    | Noticed an orc sorcerer
 14355 | Orc:2    | Killed an orc sorcerer
 14610 | Orc:2    | Found a roughly hewn altar of Beogh.
 15057 | Orc:2    | Found a roughly hewn altar of Beogh.
 15157 | Orc:2    | Found a roughly hewn altar of Beogh.
 15158 | Orc:2    | Found Essentank's Armour Boutique.
 15204 | Orc:2    | Noticed an orc knight
 15204 | Orc:2    | Noticed an orc sorcerer
 15214 | Orc:2    | Noticed an orc high priest
 15221 | Orc:2    | Noticed a sun demon
 15229 | Orc:2    | HP: 3/97 [orc priest/divine providence (10)]
 15287 | Orc:2    | Noticed Saint Roka
 15291 | Orc:2    | Killed an orc high priest
 15355 | Orc:2    | Reached **** piety under Makhleb
 15378 | Orc:2    | HP: 3/97 [orc priest/divine providence[Saint Roka] (10)]
 15419 | Orc:2    | HP: 4/97 [orc priest/divine providence[Saint Roka] (9)]
 15422 | Orc:2    | Killed from afar by an orc priest

Illustrated notes

Levels and vault maps discovered:
D:1:      amcnicky_arrival_single_pillar, layout_loops_ring,
          minmay_split_cup_small
D:2:      layout_loops_corners, kennysheep_crisscross
D:3:      layout_basic, cheibrodos_sewer_entry_sluice, guppyfry_early_lair_pool
D:4:      layout_layer_cave, uniq_grinder
D:5:      layout_loops_corners, gammafunk_ghost_hive, grunt_gozag_statues
D:6:      layout_cave_pools, marbit_many_paths, minmay_temple_entry_grid,
          hex_large
D:7:      layout_basic
D:8:      layout_basic
D:9:      layout_irregular_city, orc_0_dummy, serial_shops,
          nicolae_shop_behind_doors
D:10:     layout_irregular_city, lair_entry_dummy, serial_shops, shop, shop,
          nicolae_shop_crystal, shop, uniq_maggie
Temple:   nicolae_temple_the_god_donut
Orc:1:    layout_caves, basic_altar
Orc:2:    grunt_orc_community_town_hall, layout_diamond_mine,
          grunt_orc_community_big_house_1, grunt_orc_community_big_house_1,
          grunt_orc_community_house_1, grunt_orc_community_house_1,
          grunt_orc_community_house_2, grunt_orc_community_house_3,
          grunt_orc_community_house_3, grunt_orc_community_house_1,
          serial_shops, shop_fountains, uniq_sonja

Skill      XL: |  1  2  3  4  5  6  7  8  9 10 11 |
---------------+----------------------------------+-----
Fighting       | 4 5 6 7 8 9 |  9.3
Axes           | 3 4 6 8 10 11 12 13 | 13.9
Armour         | 4 5 6 7 8 9 |  9.3
Shields        | 4 5 6 7 9 10 | 10.4
Dodging        | 1 2 3 |  3.9
Throwing       | 1 3 |  3.0
Stealth        | 1 |  1.3

Action                   |  1- 3 |  4- 6 |  7- 9 | 10-12 || total
-------------------------+-------+-------+-------+-------++-------
Melee: War axe           |   122 |   170 |   121 |       ||   413
       Hand axe          |       |       |   386 |   625 ||  1011
Throw: Dart              |       |       |    11 |    59 ||    70
  Use: Scroll            |     4 |     1 |     8 |     6 ||    19
       Potion            |       |       |     1 |     6 ||     7
Armor: Scale mail        |    64 |    65 |   108 |    62 ||   299
       Chain mail        |       |       |       |    62 ||    62
Dodge: Dodged            |    35 |    41 |   104 |   136 ||   316
Block: Kite shield       |    78 |    80 |   217 |   304 ||   679
